Predators vs Ducks

Created - February 4, 2017 at 10:16

Goals
1 2 3 T
Predators 1 1 0 2
Ducks 1 0 3 4
Shots
1 2 3 T
Predators 6 16 5 27
Ducks 6 8 13 27

1st period

1. Predators , T.J. Oshie 20 (Vincent Trocheck, Nicklas Backstrom) at 7:48 (PP)
2. Ducks , Mark Scheifele 19 (Brandon Dubinsky, Aaron Ekblad) at 19:04

Penalties :
Wayne Simmonds (ANA) for Tripping (Minor) at 0:17, Travis Hamonic (ANA) for Tripping (Minor) at 6:26

2nd period

3. Predators , Derick Brassard 13 (Steven Stamkos) at 12:26

Penalties :
Wayne Simmonds (ANA) for Holding (Minor) at 2:45, Aaron Ekblad (ANA) for Holding (Minor) at 14:18

3rd period

4. Ducks , Bobby Ryan 9 (Wayne Simmonds, Travis Hamonic) at 5:58
5. Ducks , Andrei Markov 4 (Ryan OReilly, Blake Comeau) at 10:06
6. Ducks , Bobby Ryan 10 (Claude Giroux) at 14:30

Penalties :
Travis Hamonic (ANA) for Hooking (Minor) at 7:09, Boone Jenner (ANA) for Interference (Minor) at 10:23

Goalie Stats

Pekka Rinne (NSH), 23 saves from 27 shots - (0.852), L, 16-13-3, 60:00 minutes
Semyon Varlamov (ANA), 25 saves from 27 shots - (0.926), W, 28-12-5, 60:00 minutes

Players Stats for Predators

Player Name              G  A  P  +/- PIM S  H  SB GA TA FO     MP     PP MP  PK MP  
------------------------------------------------------------------------------------
Cody Franson             0  0  0  -2  0   0  0  1  0  0  0/0    17:08   5:03   0:00 
Derick Brassard          1  0  1   0  0   1  2  0  0  0  7/10   13:43   0:00   0:00 
J.T. Miller              0  0  0   0  0   2  0  0  0  0  1/5     4:28   0:00   0:00 
Jaden Schwartz           0  0  0   0  0   5  0  0  0  0  5/11   19:46   6:03   0:00 
John Moore               0  0  0   0  0   0  3  2  0  0  0/0    19:24   0:00   0:00 
Jordie Benn              0  0  0   0  0   0  0  0  0  0  0/0     0:00   0:00   0:00 
Kevin Hayes              0  0  0  -2  0   1  0  0  0  0  0/0    13:11   0:00   0:00 
Klas Dahlbeck            0  0  0  -2  0   0  1  0  0  0  0/0    12:05   0:00   0:00 
Max Pacioretty           0  0  0  -1  0   2  0  0  0  0  1/3    24:03   6:03   0:00 
Nicklas Backstrom        0  1  1  -1  0   1  0  0  0  0  11/20  22:35   5:14   0:00 
Oscar Klefbom            0  0  0  -1  0   1  0  1  0  0  0/0    22:41   6:14   0:00 
Phillip Di Giuseppe      0  0  0   0  0   0  0  0  0  0  0/0     4:28   0:00   0:00 
Roman Josi               0  0  0   0  0   1  0  4  0  0  0/0    25:14   5:03   0:00 
Steven Stamkos           0  1  1   0  0   5  1  0  0  0  0/1    23:35   6:03   0:00 
T.J. Oshie               1  0  1  -1  0   3  3  0  0  0  0/0    22:35   5:14   0:00 
Vincent Trocheck         0  1  1  -2  0   1  1  0  0  0  7/21   18:25   5:14   0:00 
Vladislav Namestnikov    0  0  0  -2  0   2  1  0  0  0  2/3    13:11   0:00   0:00 
Zach Bogosian            0  0  0  -1  0   2  0  4  0  0  0/0    23:28   6:14   0:00 

Players Stats for Ducks

Player Name              G  A  P  +/- PIM S  H  SB GA TA FO     MP     PP MP  PK MP  
------------------------------------------------------------------------------------
Aaron Ekblad             0  1  1   2  2   0  1  0  0  0  0/0    17:42   0:00   0:40 
Andrei Markov            1  0  1   0  0   2  1  0  0  0  0/0    23:33   0:00   6:00 
Antoine Roussel          0  0  0   0  0   1  2  0  0  0  0/0    11:28   0:00   7:03 
Blake Comeau             0  1  1   1  0   1  2  0  0  0  1/4    18:57   0:00   4:14 
Bobby Ryan               2  0  2   2  0   4  0  0  0  0  0/0    14:36   0:00   0:00 
Boone Jenner             0  0  0   1  2   3  3  0  0  0  0/1    14:42   0:00   0:00 
Brandon Dubinsky         0  1  1   0  0   1  4  0  0  0  8/14   22:01   0:00   7:02 
Claude Giroux            0  1  1   2  0   3  0  0  0  0  8/18   14:36   0:00   0:00 
Colton Parayko           0  0  0   1  0   0  0  0  0  0  0/0    14:50   0:00   0:43 
Eric Nystrom             0  0  0   0  0   2  0  0  0  0  0/0     8:39   0:00   4:14 
Erik Johnson             0  0  0   0  0   0  5  1  0  0  0/0    23:33   0:00   6:00 
Mark Scheifele           1  0  1   0  0   4  0  1  0  0  10/15  14:59   0:00   0:00 
Matt Hunwick             0  0  0   1  0   1  5  0  0  0  0/0    19:24   0:00   5:17 
Mikhail Grigorenko       0  0  0   0  0   0  0  0  0  0  4/6     4:25   0:00   0:00 
Pascal Dupuis            0  0  0   0  0   0  2  0  0  0  1/1    15:00   0:00   0:01 
Ryan OReilly             0  1  1   1  0   3  0  0  0  0  8/15   14:43   0:00   0:00 
Travis Hamonic           0  1  1   2  4   0  3  1  0  0  0/0    20:55   0:00   3:54 
Wayne Simmonds           0  1  1   2  4   2  1  0  0  0  0/0    14:34   0:00   0:00 

3 Stars

1 - Bobby Ryan (ANA)
2 - Derick Brassard (NSH)
3 - Andrei Markov (ANA)

Power Play

Predators - 1 on 6 Attempt(s) - 16.67%
Ducks - 0 on 0 Attempt(s) - 0.00%

Penalty Kill

Predators - 0 on 0 Attempt(s) - 0.00% - Score 0 goal in Penalty Kill
Ducks - 5 on 6 Attempt(s) - 83.33% - Score 0 goal in Penalty Kill

Team Stat

Predators - Hits : 12 - Faceoff Wins : 34 - Blocked Shots : 12 - Penalty Minutes : 0
Ducks - Hits : 29 - Faceoff Wins : 40 - Blocked Shots : 3 - Penalty Minutes : 12

Official

Referees : Kendrick Nicholson and Brian Pochmara
Linesman : Vaughan Rody and Brad Kovachik

Game Notes

No Game Note

Finance

Level 1 -- Attendance: 6381 (98.17%) -- Ticket Income $701,910
Level 2 -- Attendance: 4651 (93.02%) -- Ticket Income $348,825
Level 3 -- Attendance: 2600 (100.00%) -- Ticket Income $145,600
Level 4 -- Attendance: 2074 (100.00%) -- Ticket Income $82,960
Luxury Box -- Attendance: 990 (99.00%) -- Ticket Income $197,010
Game was played at the Honda Center.
Total Attendance: 16696 (97.22%)
Total Ticket Income: $1,476,305
Other Income: $221,446
Total Income: $1,697,751

% Time on Ice - Predators

Lines # - Real PCT - Wanted PCT - Time Play
Normal Forward
1 - 36% - 40% - 17:21
2 - 28% - 30% - 13:43
3 - 27% - 20% - 13:11
4 - 9% - 10% - 4:28
Normal Defense
1 - 40% - 40% - 19:24
2 - 34% - 35% - 16:27
3 - 25% - 15% - 12:05
4 - 2% - 10% - 0:47
PP Forward
1 - 46% - 60% - 5:14
2 - 54% - 40% - 6:03
PP Defense
1 - 55% - 60% - 6:14
2 - 45% - 40% - 5:03
PK Forward
1 - 0% - 60%
2 - 0% - 40%
PK Defense
1 - 0% - 60%
2 - 0% - 40%
PK3 Forward
1 - 0% - 60%
2 - 0% - 40%
PK3 Defense
1 - 0% - 60%
2 - 0% - 40%
44 Forward
1 - 0% - 60%
2 - 0% - 40%
44 Defense
1 - 0% - 60%
2 - 0% - 40%
Last Minute Offensive  - 0:00
Last Minute Defensive  - 0:00
Total
Forward - 60:00
Defense - 60:00

% Time on Ice - Ducks

Lines # - Real PCT - Wanted PCT - Time Play
Normal Forward
1 - 30% - 30% - 14:36
2 - 30% - 30% - 14:43
3 - 31% - 30% - 14:59
4 - 9% - 10% - 4:25
Normal Defense
1 - 36% - 35% - 17:33
2 - 35% - 35% - 17:03
3 - 29% - 30% - 14:07
4 - 0% - 0% - 0:00
PP Forward
1 - 0% - 55%
2 - 0% - 45%
PP Defense
1 - 0% - 57%
2 - 0% - 43%
PK Forward
1 - 62% - 57% - 7:03
2 - 38% - 43% - 4:14
PK Defense
1 - 47% - 57% - 5:17
2 - 53% - 43% - 6:00
PK3 Forward
1 - 0% - 60%
2 - 0% - 40%
PK3 Defense
1 - 0% - 57%
2 - 0% - 43%
44 Forward
1 - 0% - 50%
2 - 0% - 50%
44 Defense
1 - 0% - 50%
2 - 0% - 50%
Last Minute Offensive  - 0:00
Last Minute Defensive  - 0:00
Total
Forward - 60:00
Defense - 60:00

Play by Play

1st period


0:01 of 1st period - Claude Giroux wins face-off versus Nicklas Backstrom in neutral zone.
0:17 of 1st period - Minor Penalty to Wayne Simmonds for Tripping.
0:18 of 1st period - Jaden Schwartz wins face-off versus Brandon Dubinsky in Ducks zone.
0:43 of 1st period - Shot by Max Pacioretty.
0:43 of 1st period - Deflect By Jaden Schwartz.
0:43 of 1st period - Stopped by Semyon Varlamov with a rebound.
0:45 of 1st period - Shot by Jaden Schwartz.
0:45 of 1st period - Stopped by Semyon Varlamov without a rebound.
0:46 of 1st period - Nicklas Backstrom wins face-off versus Blake Comeau in Ducks zone.
2:28 of 1st period - Icing by John Moore.
2:29 of 1st period - Vladislav Namestnikov wins face-off versus Mark Scheifele in Predators zone.
2:40 of 1st period - Shot by Brandon Dubinsky.
2:40 of 1st period - Shot Blocked by Roman Josi.
2:42 of 1st period - Shot by Pascal Dupuis.
2:42 of 1st period - Shot Blocked by Roman Josi.
2:44 of 1st period - Shot by Brandon Dubinsky.
2:44 of 1st period - Shot Misses the Net.
2:56 of 1st period - Shot by Pascal Dupuis.
2:56 of 1st period - Shot Blocked by John Moore.
3:06 of 1st period - Shot by Mark Scheifele.
3:06 of 1st period - Shot Misses the Net.
3:08 of 1st period - Shot by Brandon Dubinsky.
3:08 of 1st period - Shot Blocked by John Moore.
3:10 of 1st period - Shot by Matt Hunwick.
3:10 of 1st period - Stopped by Pekka Rinne without a rebound.
3:11 of 1st period - Nicklas Backstrom wins face-off versus Ryan OReilly in Predators zone.
3:38 of 1st period - Icing by Travis Hamonic.
3:39 of 1st period - Derick Brassard wins face-off versus Ryan OReilly in Ducks zone.
3:42 of 1st period - Shot by Jaden Schwartz.
3:42 of 1st period - Shot Blocked by Travis Hamonic.
4:39 of 1st period - Icing by Jaden Schwartz.
4:40 of 1st period - Derick Brassard wins face-off versus Mark Scheifele in Predators zone.
4:40 of 1st period - Derick Brassard is hit by Brandon Dubinsky.
5:14 of 1st period - Shot by Mark Scheifele.
5:14 of 1st period - Deflect By Brandon Dubinsky.
5:14 of 1st period - Shot Misses the Net.
5:53 of 1st period - Shot by Bobby Ryan.
5:53 of 1st period - Deflect By Wayne Simmonds.
5:53 of 1st period - Stopped by Pekka Rinne without a rebound.
5:54 of 1st period - Ryan OReilly wins face-off versus Vincent Trocheck in Predators zone.
6:17 of 1st period - Aaron Ekblad is hit by Vladislav Namestnikov and loses puck.
6:26 of 1st period - Minor Penalty to Travis Hamonic for Tripping.
6:27 of 1st period - Brandon Dubinsky wins face-off versus Jaden Schwartz in Ducks zone.
6:27 of 1st period - Brandon Dubinsky is hit by Steven Stamkos.
7:23 of 1st period - Vincent Trocheck is hit by Brandon Dubinsky and loses puck.
7:48 of 1st period - Shot by T.J. Oshie.
7:48 of 1st period - Goal by T.J. Oshie - Predators : 1 - Ducks : 0.
7:49 of 1st period - Claude Giroux wins face-off versus J.T. Miller in neutral zone.
10:16 of 1st period - Max Pacioretty is hit by Andrei Markov and loses puck.
10:32 of 1st period - Roman Josi is hit by Matt Hunwick and loses puck.
10:55 of 1st period - Shot by Pascal Dupuis.
10:55 of 1st period - Deflect By Mark Scheifele.
10:55 of 1st period - Shot Blocked by Roman Josi.
11:03 of 1st period - Shot by Mark Scheifele.
11:03 of 1st period - Stopped by Pekka Rinne with a rebound.
11:33 of 1st period - Jaden Schwartz is hit by Antoine Roussel and loses puck.
12:56 of 1st period - Shot by Bobby Ryan.
12:56 of 1st period - Stopped by Pekka Rinne without a rebound.
12:57 of 1st period - J.T. Miller wins face-off versus Mark Scheifele in Predators zone.
12:57 of 1st period - J.T. Miller is hit by Pascal Dupuis.
15:09 of 1st period - Shot by Ryan OReilly.
15:09 of 1st period - Stopped by Pekka Rinne without a rebound.
15:10 of 1st period - Nicklas Backstrom wins face-off versus Mark Scheifele in Predators zone.
15:10 of 1st period - Nicklas Backstrom is hit by Brandon Dubinsky.
15:17 of 1st period - T.J. Oshie is hit by Erik Johnson.
15:19 of 1st period - Shot by Max Pacioretty.
15:19 of 1st period - Deflect By T.J. Oshie.
15:19 of 1st period - Shot Misses the Net.
17:13 of 1st period - Shot by Derick Brassard.
17:13 of 1st period - Shot Misses the Net.
17:15 of 1st period - Shot by Jaden Schwartz.
17:15 of 1st period - Stopped by Semyon Varlamov with a rebound.
17:46 of 1st period - Shot by J.T. Miller.
17:46 of 1st period - Stopped by Semyon Varlamov with a rebound.
17:48 of 1st period - Shot by J.T. Miller.
17:48 of 1st period - Stopped by Semyon Varlamov without a rebound.
17:49 of 1st period - Ryan OReilly wins face-off versus Nicklas Backstrom in Ducks zone.
17:55 of 1st period - Max Pacioretty is hit by Erik Johnson and loses puck.
19:04 of 1st period - Shot by Mark Scheifele.
19:04 of 1st period - Goal by Mark Scheifele - Predators : 1 - Ducks : 1.
19:05 of 1st period - Mikhail Grigorenko wins face-off versus Jaden Schwartz in neutral zone.
19:09 of 1st period - Off-side.
19:10 of 1st period - Derick Brassard wins face-off versus Mikhail Grigorenko in neutral zone.
Goals for this period are 1 for Predators vs 1 for Ducks.
Shots for this period are 6 for Predators vs 6 for Ducks.

2nd period


0:01 of 2nd period - Mark Scheifele wins face-off versus Nicklas Backstrom in neutral zone.
1:19 of 2nd period - Shot by Blake Comeau.
1:19 of 2nd period - Shot Blocked by Zach Bogosian.
2:06 of 2nd period - Icing by Boone Jenner.
2:07 of 2nd period - Max Pacioretty wins face-off versus Ryan OReilly in Ducks zone.
2:13 of 2nd period - Ryan OReilly is hit by John Moore and loses puck.
2:25 of 2nd period - Ryan OReilly is hit by T.J. Oshie and loses puck.
2:45 of 2nd period - Minor Penalty to Wayne Simmonds for Holding.
2:46 of 2nd period - Jaden Schwartz wins face-off versus Brandon Dubinsky in Ducks zone.
2:57 of 2nd period - Shot by Oscar Klefbom.
2:57 of 2nd period - Deflect By Max Pacioretty.
2:57 of 2nd period - Stopped by Semyon Varlamov without a rebound.
2:58 of 2nd period - Vincent Trocheck wins face-off versus Brandon Dubinsky in Ducks zone.
3:19 of 2nd period - Shot by Oscar Klefbom.
3:19 of 2nd period - Stopped by Semyon Varlamov without a rebound.
3:20 of 2nd period - Brandon Dubinsky wins face-off versus Jaden Schwartz in Ducks zone.
3:33 of 2nd period - Shot by Max Pacioretty.
3:33 of 2nd period - Stopped by Semyon Varlamov without a rebound.
3:34 of 2nd period - Brandon Dubinsky wins face-off versus Vincent Trocheck in Ducks zone.
4:09 of 2nd period - Shot by Zach Bogosian.
4:09 of 2nd period - Stopped by Semyon Varlamov without a rebound.
4:10 of 2nd period - Jaden Schwartz wins face-off versus Blake Comeau in Ducks zone.
4:10 of 2nd period - Jaden Schwartz is hit by Matt Hunwick.
4:15 of 2nd period - Steven Stamkos is hit by Matt Hunwick and loses puck.
4:30 of 2nd period - Shot by Roman Josi.
4:30 of 2nd period - Stopped by Semyon Varlamov without a rebound.
4:31 of 2nd period - Jaden Schwartz wins face-off versus Brandon Dubinsky in Ducks zone.
4:42 of 2nd period - Shot by Max Pacioretty.
4:42 of 2nd period - Shot Misses the Net.
4:54 of 2nd period - Shot by Blake Comeau.
4:54 of 2nd period - Stopped by Pekka Rinne without a rebound.
4:55 of 2nd period - Vincent Trocheck wins face-off versus Claude Giroux in Predators zone.
5:19 of 2nd period - Shot by Vladislav Namestnikov.
5:19 of 2nd period - Stopped by Semyon Varlamov with a rebound.
5:25 of 2nd period - Shot by Wayne Simmonds.
5:25 of 2nd period - Stopped by Pekka Rinne without a rebound.
5:26 of 2nd period - Mark Scheifele wins face-off versus Nicklas Backstrom in Predators zone.
5:37 of 2nd period - T.J. Oshie is hit by Matt Hunwick and loses puck.
5:54 of 2nd period - Shot by Nicklas Backstrom.
5:54 of 2nd period - Stopped by Semyon Varlamov with a rebound.
6:04 of 2nd period - Oscar Klefbom is hit by Pascal Dupuis and loses puck.
6:28 of 2nd period - Roman Josi is hit by Matt Hunwick and loses puck.
6:51 of 2nd period - Shot by Steven Stamkos.
6:51 of 2nd period - Shot Misses the Net.
7:28 of 2nd period - Vincent Trocheck is hit by Erik Johnson.
7:56 of 2nd period - Shot by Vladislav Namestnikov.
7:56 of 2nd period - Stopped by Semyon Varlamov without a rebound.
7:57 of 2nd period - Ryan OReilly wins face-off versus Nicklas Backstrom in Ducks zone.
8:11 of 2nd period - Nicklas Backstrom is hit by Travis Hamonic and loses puck.
8:25 of 2nd period - T.J. Oshie is hit by Travis Hamonic and loses puck.
8:59 of 2nd period - Shot by Steven Stamkos.
8:59 of 2nd period - Stopped by Semyon Varlamov without a rebound.
9:00 of 2nd period - Claude Giroux wins face-off versus Vincent Trocheck in Ducks zone.
9:50 of 2nd period - Icing by Klas Dahlbeck.
9:51 of 2nd period - Mark Scheifele wins face-off versus Vincent Trocheck in Predators zone.
10:36 of 2nd period - Shot by T.J. Oshie.
10:36 of 2nd period - Stopped by Semyon Varlamov without a rebound.
10:37 of 2nd period - Ryan OReilly wins face-off versus Derick Brassard in Ducks zone.
10:48 of 2nd period - Shot by Boone Jenner.
10:48 of 2nd period - Stopped by Pekka Rinne with a rebound.
10:53 of 2nd period - Off-side.
10:54 of 2nd period - Claude Giroux wins face-off versus J.T. Miller in neutral zone.
11:09 of 2nd period - Shot by Wayne Simmonds.
11:09 of 2nd period - Shot Blocked by Roman Josi.
11:17 of 2nd period - Shot by Claude Giroux.
11:17 of 2nd period - Stopped by Pekka Rinne without a rebound.
11:18 of 2nd period - Nicklas Backstrom wins face-off versus Ryan OReilly in Predators zone.
11:18 of 2nd period - Nicklas Backstrom is hit by Boone Jenner.
11:39 of 2nd period - Nicklas Backstrom is hit by Aaron Ekblad and loses puck.
11:49 of 2nd period - Max Pacioretty is hit by Boone Jenner and loses puck.
12:26 of 2nd period - Shot by Derick Brassard.
12:26 of 2nd period - Goal by Derick Brassard - Predators : 2 - Ducks : 1.
12:27 of 2nd period - Derick Brassard wins face-off versus Claude Giroux in neutral zone.
12:54 of 2nd period - Shot by Claude Giroux.
12:54 of 2nd period - Shot Misses the Net.
13:06 of 2nd period - Shot by Claude Giroux.
13:06 of 2nd period - Shot Misses the Net.
13:12 of 2nd period - Shot by Bobby Ryan.
13:12 of 2nd period - Shot Hit the Post.
13:28 of 2nd period - Andrei Markov is hit by Derick Brassard and loses puck.
13:53 of 2nd period - Icing by Cody Franson.
13:54 of 2nd period - Vincent Trocheck wins face-off versus Boone Jenner in Predators zone.
13:54 of 2nd period - Cody Franson is hit by Blake Comeau and loses puck.
14:09 of 2nd period - Shot by Kevin Hayes.
14:09 of 2nd period - Shot Misses the Net.
14:13 of 2nd period - Shot by Kevin Hayes.
14:13 of 2nd period - Shot Misses the Net.
14:18 of 2nd period - Minor Penalty to Aaron Ekblad for Holding.
14:19 of 2nd period - Brandon Dubinsky wins face-off versus Vincent Trocheck in Ducks zone.
14:55 of 2nd period - Icing by Zach Bogosian.
14:56 of 2nd period - Brandon Dubinsky wins face-off versus Vincent Trocheck in Predators zone.
15:39 of 2nd period - Shot by Blake Comeau.
15:39 of 2nd period - Deflect By Eric Nystrom.
15:39 of 2nd period - Stopped by Pekka Rinne without a rebound.
15:40 of 2nd period - Brandon Dubinsky wins face-off versus Jaden Schwartz in Predators zone.
16:19 of 2nd period - Shot by Steven Stamkos.
16:19 of 2nd period - Stopped by Semyon Varlamov without a rebound.
16:20 of 2nd period - Claude Giroux wins face-off versus Vincent Trocheck in Ducks zone.
16:29 of 2nd period - Shot by Bobby Ryan.
16:29 of 2nd period - Shot Misses the Net.
16:31 of 2nd period - Shot by Claude Giroux.
16:31 of 2nd period - Shot Blocked by Zach Bogosian.
16:35 of 2nd period - Shot by Bobby Ryan.
16:35 of 2nd period - Stopped by Pekka Rinne without a rebound.
16:36 of 2nd period - Mark Scheifele wins face-off versus Max Pacioretty in Predators zone.
16:51 of 2nd period - Pascal Dupuis is hit by T.J. Oshie and loses puck.
17:04 of 2nd period - Shot by Mark Scheifele.
17:04 of 2nd period - Deflect By Brandon Dubinsky.
17:04 of 2nd period - Stopped by Pekka Rinne without a rebound.
17:05 of 2nd period - Ryan OReilly wins face-off versus J.T. Miller in Predators zone.
17:05 of 2nd period - Blake Comeau is hit by John Moore and loses puck.
17:21 of 2nd period - Shot by Blake Comeau.
17:21 of 2nd period - Deflect By Boone Jenner.
17:21 of 2nd period - Stopped by Pekka Rinne without a rebound.
17:22 of 2nd period - Vincent Trocheck wins face-off versus Claude Giroux in Predators zone.
17:59 of 2nd period - Shot by Vladislav Namestnikov.
17:59 of 2nd period - Shot Misses the Net.
18:01 of 2nd period - Shot by Kevin Hayes.
18:01 of 2nd period - Stopped by Semyon Varlamov without a rebound.
18:02 of 2nd period - Nicklas Backstrom wins face-off versus Ryan OReilly in Ducks zone.
18:13 of 2nd period - Shot by T.J. Oshie.
18:13 of 2nd period - Shot Blocked by Erik Johnson.
18:32 of 2nd period - Max Pacioretty is hit by Erik Johnson and loses puck.
19:10 of 2nd period - Shot by Steven Stamkos.
19:10 of 2nd period - Stopped by Semyon Varlamov with a rebound.
19:25 of 2nd period - Shot by Steven Stamkos.
19:25 of 2nd period - Stopped by Semyon Varlamov with a rebound.
19:29 of 2nd period - Shot by Jaden Schwartz.
19:29 of 2nd period - Stopped by Semyon Varlamov without a rebound.
19:30 of 2nd period - Mark Scheifele wins face-off versus Vincent Trocheck in Ducks zone.
19:44 of 2nd period - Icing by Klas Dahlbeck.
19:45 of 2nd period - Vladislav Namestnikov wins face-off versus Claude Giroux in Predators zone.
19:45 of 2nd period - Vladislav Namestnikov is hit by Wayne Simmonds.
19:51 of 2nd period - Off-side.
19:52 of 2nd period - Mark Scheifele wins face-off versus Nicklas Backstrom in neutral zone.
Goals for this period are 1 for Predators vs 0 for Ducks.
Shots for this period are 16 for Predators vs 8 for Ducks.

3rd period


0:01 of 3rd period - Mark Scheifele wins face-off versus Max Pacioretty in neutral zone.
1:07 of 3rd period - Icing by Jaden Schwartz.
1:08 of 3rd period - Derick Brassard wins face-off versus Claude Giroux in Predators zone.
2:27 of 3rd period - Shot by Vincent Trocheck.
2:27 of 3rd period - Stopped by Semyon Varlamov without a rebound.
2:28 of 3rd period - Nicklas Backstrom wins face-off versus Mikhail Grigorenko in Ducks zone.
2:44 of 3rd period - Icing by John Moore.
2:45 of 3rd period - Nicklas Backstrom wins face-off versus Mark Scheifele in Predators zone.
2:45 of 3rd period - Nicklas Backstrom is hit by Brandon Dubinsky.
3:20 of 3rd period - Shot by Nicklas Backstrom.
3:20 of 3rd period - Shot Misses the Net.
3:37 of 3rd period - Icing by Jaden Schwartz.
3:38 of 3rd period - Ryan OReilly wins face-off versus Steven Stamkos in Predators zone.
3:41 of 3rd period - Shot by Ryan OReilly.
3:41 of 3rd period - Stopped by Pekka Rinne with a rebound.
3:43 of 3rd period - Shot by Blake Comeau.
3:43 of 3rd period - Shot Blocked by Oscar Klefbom.
3:56 of 3rd period - Derick Brassard is hit by Travis Hamonic and loses puck.
4:17 of 3rd period - Shot by Blake Comeau.
4:17 of 3rd period - Shot Misses the Net.
4:19 of 3rd period - Shot by Ryan OReilly.
4:19 of 3rd period - Deflect By Boone Jenner.
4:19 of 3rd period - Stopped by Pekka Rinne without a rebound.
4:20 of 3rd period - Vincent Trocheck wins face-off versus Claude Giroux in Predators zone.
4:40 of 3rd period - Wayne Simmonds is hit by Klas Dahlbeck and loses puck.
4:43 of 3rd period - Shot by Wayne Simmonds.
4:43 of 3rd period - Shot Blocked by Cody Franson.
4:47 of 3rd period - Shot by Claude Giroux.
4:47 of 3rd period - Stopped by Pekka Rinne without a rebound.
4:48 of 3rd period - Mikhail Grigorenko wins face-off versus Nicklas Backstrom in Predators zone.
4:48 of 3rd period - Mikhail Grigorenko is hit by John Moore.
4:58 of 3rd period - Roman Josi is hit by Antoine Roussel and loses puck.
5:26 of 3rd period - Shot by T.J. Oshie.
5:26 of 3rd period - Stopped by Semyon Varlamov without a rebound.
5:27 of 3rd period - Claude Giroux wins face-off versus Derick Brassard in Ducks zone.
5:27 of 3rd period - Claude Giroux is hit by Derick Brassard.
5:48 of 3rd period - Shot by Bobby Ryan.
5:48 of 3rd period - Shot Blocked by Zach Bogosian.
5:52 of 3rd period - Shot by Bobby Ryan.
5:52 of 3rd period - Shot Misses the Net.
5:54 of 3rd period - Shot by Travis Hamonic.
5:54 of 3rd period - Shot Blocked by Zach Bogosian.
5:56 of 3rd period - Shot by Travis Hamonic.
5:56 of 3rd period - Deflect By Wayne Simmonds.
5:56 of 3rd period - Shot Misses the Net.
5:58 of 3rd period - Shot by Bobby Ryan.
5:58 of 3rd period - Goal by Bobby Ryan - Predators : 2 - Ducks : 2.
5:59 of 3rd period - Mark Scheifele wins face-off versus Vincent Trocheck in neutral zone.
6:31 of 3rd period - Matt Hunwick is hit by Vincent Trocheck and loses puck.
7:09 of 3rd period - Minor Penalty to Travis Hamonic for Hooking.
7:10 of 3rd period - Jaden Schwartz wins face-off versus Brandon Dubinsky in Ducks zone.
7:15 of 3rd period - Shot by Steven Stamkos.
7:15 of 3rd period - Shot Misses the Net.
7:55 of 3rd period - Shot by Oscar Klefbom.
7:55 of 3rd period - Shot Misses the Net.
9:07 of 3rd period - Shot by Zach Bogosian.
9:07 of 3rd period - Stopped by Semyon Varlamov without a rebound.
9:08 of 3rd period - Pascal Dupuis wins face-off versus Jaden Schwartz in Ducks zone.
9:32 of 3rd period - Icing by Aaron Ekblad.
9:33 of 3rd period - Nicklas Backstrom wins face-off versus Claude Giroux in Ducks zone.
9:41 of 3rd period - Icing by Travis Hamonic.
9:42 of 3rd period - Claude Giroux wins face-off versus Vincent Trocheck in Ducks zone.
9:48 of 3rd period - Off-side.
9:49 of 3rd period - Ryan OReilly wins face-off versus Nicklas Backstrom in neutral zone.
10:04 of 3rd period - Shot by Ryan OReilly.
10:04 of 3rd period - Shot Misses the Net.
10:06 of 3rd period - Shot by Andrei Markov.
10:06 of 3rd period - Goal by Andrei Markov - Predators : 2 - Ducks : 3.
10:07 of 3rd period - Mark Scheifele wins face-off versus Derick Brassard in neutral zone.
10:16 of 3rd period - Shot by Mark Scheifele.
10:16 of 3rd period - Stopped by Pekka Rinne without a rebound.
10:17 of 3rd period - Ryan OReilly wins face-off versus Nicklas Backstrom in Predators zone.
10:23 of 3rd period - Minor Penalty to Boone Jenner for Interference.
10:24 of 3rd period - Vincent Trocheck wins face-off versus Brandon Dubinsky in Ducks zone.
11:37 of 3rd period - Icing by Roman Josi.
11:38 of 3rd period - Blake Comeau wins face-off versus Jaden Schwartz in Predators zone.
12:09 of 3rd period - Shot by Eric Nystrom.
12:09 of 3rd period - Stopped by Pekka Rinne without a rebound.
12:10 of 3rd period - Brandon Dubinsky wins face-off versus Vincent Trocheck in Predators zone.
12:18 of 3rd period - Icing by Zach Bogosian.
12:19 of 3rd period - Brandon Dubinsky wins face-off versus Vincent Trocheck in Predators zone.
12:26 of 3rd period - Shot by Claude Giroux.
12:26 of 3rd period - Stopped by Pekka Rinne without a rebound.
12:27 of 3rd period - Nicklas Backstrom wins face-off versus Ryan OReilly in Predators zone.
12:27 of 3rd period - Nicklas Backstrom is hit by Blake Comeau.
12:51 of 3rd period - Shot by Ryan OReilly.
12:51 of 3rd period - Shot Misses the Net.
12:53 of 3rd period - Shot by Boone Jenner.
12:53 of 3rd period - Shot Misses the Net.
12:59 of 3rd period - Shot by Boone Jenner.
12:59 of 3rd period - Shot Misses the Net.
13:29 of 3rd period - Derick Brassard is hit by Erik Johnson and loses puck.
13:42 of 3rd period - Shot by Steven Stamkos.
13:42 of 3rd period - Shot Misses the Net.
14:28 of 3rd period - Shot by Mark Scheifele.
14:28 of 3rd period - Stopped by Pekka Rinne without a rebound.
14:29 of 3rd period - Claude Giroux wins face-off versus Vladislav Namestnikov in Predators zone.
14:30 of 3rd period - Shot by Bobby Ryan.
14:30 of 3rd period - Goal by Bobby Ryan - Predators : 2 - Ducks : 4.
14:31 of 3rd period - Nicklas Backstrom wins face-off versus Claude Giroux in neutral zone.
15:09 of 3rd period - Off-side.
15:10 of 3rd period - Mark Scheifele wins face-off versus Vincent Trocheck in neutral zone.
15:39 of 3rd period - Shot by Vincent Trocheck.
15:39 of 3rd period - Shot Blocked by Mark Scheifele.
15:46 of 3rd period - Off-side.
15:47 of 3rd period - Derick Brassard wins face-off versus Ryan OReilly in neutral zone.
16:02 of 3rd period - Shot by Derick Brassard.
16:02 of 3rd period - Shot Misses the Net.
16:08 of 3rd period - Shot by Steven Stamkos.
16:08 of 3rd period - Stopped by Semyon Varlamov with a rebound.
16:10 of 3rd period - Shot by Derick Brassard.
16:10 of 3rd period - Shot Misses the Net.
16:12 of 3rd period - Shot by Jaden Schwartz.
16:12 of 3rd period - Stopped by Semyon Varlamov without a rebound.
16:13 of 3rd period - Nicklas Backstrom wins face-off versus Claude Giroux in Ducks zone.
16:21 of 3rd period - Bobby Ryan is hit by T.J. Oshie and loses puck.
16:31 of 3rd period - Icing by Matt Hunwick.
16:32 of 3rd period - Derick Brassard wins face-off versus Claude Giroux in Ducks zone.
18:33 of 3rd period - Shot by Ryan OReilly.
18:33 of 3rd period - Shot Misses the Net.
18:35 of 3rd period - Shot by Erik Johnson.
18:35 of 3rd period - Shot Hit the Post.
18:37 of 3rd period - Shot by Andrei Markov.
18:37 of 3rd period - Stopped by Pekka Rinne without a rebound.
18:38 of 3rd period - Mikhail Grigorenko wins face-off versus Vincent Trocheck in Predators zone.
18:51 of 3rd period - Shot by Antoine Roussel.
18:51 of 3rd period - Stopped by Pekka Rinne without a rebound.
18:52 of 3rd period - Vincent Trocheck wins face-off versus Blake Comeau in Predators zone.
18:54 of 3rd period - Cody Franson is hit by Boone Jenner and loses puck.
19:03 of 3rd period - Shot by Ryan OReilly.
19:03 of 3rd period - Stopped by Pekka Rinne without a rebound.
19:04 of 3rd period - Mikhail Grigorenko wins face-off versus J.T. Miller in Predators zone.
19:33 of 3rd period - Shot by J.T. Miller.
19:33 of 3rd period - Deflect By Steven Stamkos.
19:33 of 3rd period - Shot Misses the Net.
19:35 of 3rd period - Shot by John Moore.
19:35 of 3rd period - Shot Misses the Net.
Goals for this period are 0 for Predators vs 3 for Ducks.
Shots for this period are 5 for Predators vs 13 for Ducks.